Map: Ascension to Aiur LE

Players

iAsonu - Winner!

  • Race: Zerg Zerg
  • Spawn Location: 11:00

Stephano

  • Race: Zerg Zerg
  • Spawn Location: 5:00

Event: WCS Jonkoping 2017

VOD

Have the link to the VOD?

Description

Time

  • Played on: June 17, 2017, 1:56 p.m.
  • Length: 4:49

All games in this series

Show
View Real Time Build Order
Export as new Build Order

iAsonu Zerg - Winner!

Build Orders: Pool First 

Get SALT Encoding   

  12  0:01  Drone  
  13  0:15  Extractor  
  12  0:25  Spawning Pool  
  12  0:27  Drone  
  12  0:33  Drone  
  13  0:40  Drone  
  14  0:49  Overlord  
  14  1:12  Zergling x2  
  14  1:15  Metabolic Boost  
  14  1:16  Queen  
  17  1:22  Zergling x2  
  18  1:26  Zergling x2  
  18  1:32  Zergling x2  
  20  1:35  Zergling x2  
  21  1:45  Zergling x2  
  22  1:55  Overlord  
  22  2:08  Hatchery  
  21  2:12  Zergling x2  
  22  2:18  Zergling x2  
  23  2:25  Zergling x4  
  25  2:34  Zergling x4  
  27  2:41  Zergling x2  
  27  2:55  Zergling x2  
  27  3:08  Zergling x6  
  24  3:22  Zergling x4  
  23  3:29  Queen  
  25  3:35  Zergling x6  
  28  3:56  Zergling x10  
  28  4:01  Zergling x2  
  34  4:07  Zergling x2  
  30  4:18  Zergling x4  
  29  4:25  Zergling x4  
  31  4:31  Baneling Nest  
Show
View Real Time Build Order
Export as new Build Order

Stephano Zerg 

Build Orders: Hatch First 

Get SALT Encoding   

  12  0:00  Drone  
  13  0:12  Overlord  
  13  0:17  Drone  
  14  0:31  Drone x2  
  14  0:35  Drone  
  17  0:51  Hatchery  
  17  0:54  Drone  
  17  0:58  Drone  
  18  1:08  Extractor  
  17  1:12  Spawning Pool  
  17  1:15  Drone  
  17  1:19  Drone  
  18  1:28  Drone  
  19  1:39  Overlord  
  19  1:59  Queen, Zergling x2  
  19  2:00  Zergling x2  
  23  2:03  Queen, Zergling x2  
  23  2:07  Metabolic Boost  
  26  2:11  Drone  
  26  2:14  Drone  
  28  2:25  Drone x2  
  30  2:33  Drone  
  30  2:34  Queen  
  30  2:36  Drone  
  33  2:46  Zergling x4  
  33  2:52  Spine Crawler  
  25  2:59  Zergling x4  
  27  3:06  Zergling x2  
  24  3:20  Drone  
  20  3:35  Zergling x2  
  20  3:39  Zergling x4  
  20  3:41  Zergling x2  
  22  3:50  Zergling x2  
  21  4:05  Zergling x2  
  22  4:10  Zergling x2  
  22  4:12  Zergling x2  
  22  4:17  Zergling x2  
  23  4:23  Zergling x2  
  26  4:43  Baneling Nest  
Tags
 
Add a new tag
Caveats
  • Supply blocks, unpowered buildings, or Contaminate may cause inaccurate times.
  • Supply counts are checked every 10 seconds.